 Dungeon Crawl Stone Soup version 0.31-a0-700-gf13585253f (webtiles) character file.

Game seed: 11981494927887313699

21049 ytrimaz the Nimble (level 12, -4/104 HPs)
             Began as an Octopode Shapeshifter on Sept 7, 2023.
             Was an Initiate of Ashenzari.
             Slain by a two-headed ogre
             ... wielding a +0 giant spiked club
              (20 damage)
             ... on level 1 of the Orcish Mines.
             The game lasted 00:17:01 (13879 turns).

ytrimaz the Nimble (Octopode Shapeshifter)         Turns: 13879, Time: 00:17:01

Health: -4/104     AC:  9    Str: 18    XL:     12   Next: 85%
Magic:  12/12      EV: 22    Int: 13    God:    Ashenzari [......]
Gold:   1182       SH:  0    Dex: 16    Spells: 11/11 levels left

rFire   . .          .
                       - Unarmed
rCold   . . .        (shield currently unavailable)
rNeg    . . .        (helmet currently unavailable)
rPois   .            (no amulet)
rElec   .            k - ring of Supernal Understanding {EV+5, Cun, Self} (curse)
rCorr   .            (no ring)
SInv    .            (no ring)
Will    .....        (no ring)
Stlth   +            (no ring)
HPRegen 0.37/turn    (no ring)
MPRegen 0.13/turn    (no ring)
                     (no ring)

%: no passive effects
@: snake-form
A: constrict, boosted hp, almost no armour, amphibious, 8 rings, large,
(camouflage 1), (gelatinous body 1), (nimble swimmer 1), (tentacles),
deterioration 1
a: Begin Untransformation, Renounce Religion, Curse Item, Shatter the Chains


You were on level 1 of the Orcish Mines.
You worshipped Ashenzari.
Ashenzari was noncommittal.
You were an enormous anaconda.
You visited 3 branches of the dungeon, and saw 14 of its levels.
You also visited: Bailey.

You collected 1182 gold pieces.


Innate Abilities, Weirdness & Mutations

You are an enormous anaconda.
You have a powerful constriction melee attack.
Your maximum health is increased.
Your armour is entirely melded.
You are incapable of wielding weapons or throwing items.
You cannot wear most types of armour.
You are amphibious.
You can wear up to eight rings at the same time.
((Your skin changes colour to match your surroundings (Stealth+).))
((Your rubbery body absorbs attacks. (AC +1, EV +1)))
((You are camouflaged when in or above water. (Stealth+)))
((You have tentacles for arms and can constrict up to eight enemies at once.))
Your body sometimes deteriorates upon taking damage.


   Skills:
 - Level 9.6(10.0) Fighting
 + Level 13.0(13.4) Dodging
 - Level 10.0 Unarmed Combat
 - Level 10.0 Shapeshifting


You had 11 spell levels left.
You didn't know any spells.
Your spell library contained the following spells:

 Spells                   Type           Power      Damage    Failure   Level
 Apportation              Tloc           0%         N/A       30%         1
 Necrotise                Necr           0%         1d4       30%         1
 Summon Small Mammal      Summ           0%         N/A       30%         1
 Blink                    Tloc           0%         N/A       43%         2
 Lesser Beckoning         Tloc           0%         N/A       43%         2
 Momentum Strike          Conj/Tloc      0%         3d8       43%         2
 Tukima's Dance           Hex            0%         N/A       67%         3
 Vampiric Draining        Necr           0%         2d6       67%         3
 Passage of Golubria      Tloc           0%         N/A       97%         4
 Agony                    Necr           0%         N/A       100%        5
 Yara's Violent Unravell  Hex/Tmut       0%         3d3       100%        5

Inventory:

Jewellery
 k - the cursed ring of Supernal Understanding (left tentacle) {EV+5, Cun, Self}
   (You found it on level 3 of the Dungeon)

   [ring of evasion]

   EV+5:      It affects your evasion (+5).
   It has a curse which improves the following skills: Cunning: Dodging and
   Stealth.
   Introspection: Fighting and Spellcasting.
Talismans
 a - a blade talisman
   (You found it on level 3 of the Dungeon)
 b - a beast talisman
 c - a flux talisman
 v - a serpent talisman (active)
   (You found it on level 8 of the Dungeon)
Wands
 t - a wand of polymorph (13)
   (You found it on level 8 of the Dungeon)
 x - a wand of digging (13)
   (You found it on level 8 of the Dungeon)
 B - a wand of iceblast (7)
   (You took it off a kobold brigand on level 9 of the Dungeon)
 C - a wand of paralysis (3)
   (You found it on level 10 of the Dungeon)
Scrolls
 d - 2 scrolls of revelation
 f - a scroll of teleportation
 g - a scroll of fog
 j - a scroll of poison
 l - a scroll of torment
 p - 3 scrolls of noise
Potions
 h - a potion of enlightenment
 i - 2 potions of attraction
 n - a potion of brilliance
 u - a potion of cancellation
 z - 2 potions of might

Dungeon Overview and Level Annotations

Branches:
Dungeon (12/15) Zot: 23492  Temple (1/1) D:4 Zot: 5950    Lair (0/5) D:11
    Orc (1/2) D:12 Zot: 5087  Bailey (visited)

Altars:
Ashenzari
Cheibriados
Dithmenos
Elyvilon
Fedhas
Gozag
Hepliaklqana
Kikubaaqudgha
Makhleb
Nemelex Xobeh
Okawaru
Qazlal
Ru
Sif Muna
Trog
Uskayaw
Vehumet
Wu Jian
Xom
Yredelemnul
Zin
The Shining One

Shops:
D:2 [*:*(   Orc:1 *

Annotations:
D:6 3 runed translucent doors, 0gre's ghost, novice GnIE
D:12 exclusion: oklob plant

8..#..[ ###...## ...#.o.
#....# ..^#... #####..##
...#o.. ##.###.^.# 8..#o.[
#...##..## #oo##..
#.......## #...#
#........### ##...o
#..........## .##..o.
###.)#S.......#
..#########..)[O#.#.....#
.......#..#..(.......#.##
.........)...(......####
.#....>...........#.##.##
..........#....#........#
.......)..........#.....##
.................#.#.....#
........................##


You could see a two-headed ogre.


Message History

You take 2 damage, and now have 73/104 hp.
Unknown command.
You hit the ogre mage but do no damage. You constrict the ogre mage.
You hit the ogre mage. You constrict the ogre mage.
Unknown command.
You barely miss the ogre mage. You constrict the ogre mage.
The ogre mage struggles to escape constriction.
Unknown command.
You lash the ogre mage! You constrict the ogre mage.
The ogre completely misses you.
The ogre mage completely misses you. 😮 HP[+1] Unknown command.
You hit the ogre mage.
You kill the ogre mage!
The ogre closely misses you.
Unknown command.
You hit the two-headed ogre. You grab the two-headed ogre.
You constrict the two-headed ogre.
You completely miss the two-headed ogre.
You constrict the two-headed ogre. The ogre closely misses you.
The two-headed ogre hits you with a +0 giant spiked club!!
* * * LOW HITPOINT WARNING * * *
The two-headed ogre hits you with a +0 dire flail!
* * * LOW HITPOINT WARNING * * *
Unknown command. 😨 HP[-33]
You take 33 damage, and now have 41/104 hp.
MASSIVE DAMAGE!! (PAUSE)
You release your grip on the two-headed ogre.
Unknown command. 😨 HP[+1] 😨 HP[+1] 😨 HP[+1] 😨 HP[+1]
There is a staircase back to the Dungeon, spattered with blood here.
Items here: )) [[.
You climb upwards.
Welcome back to the Dungeon!
Level annotation: exclusion: oklob plant Reactivating autopickup.
There is a staircase to the Orcish Mines here. 😨 HP[+1] Unknown command.
You start resting.
Your extra speed is starting to run out. 😨 HP[+5]
You regained 5 hp, and now have 51/104 hp.
You climb downwards.
Welcome back to the Orcish Mines!
There is a staircase back to the Dungeon, spattered with blood here.
Items here: )) [[.
Unknown command. 😨 HP[+1] Unknown command.
The ogre completely misses you.
You climb upwards.
Welcome back to the Dungeon!
Level annotation: exclusion: oklob plant
There is a staircase to the Orcish Mines here.
Unknown command.
You are too injured to fight recklessly!
You are too injured to fight recklessly!
You are too injured to fight recklessly!
You body-slam the ogre!!
You grab the ogre. You constrict the ogre.
Unknown command.
You body-slam the ogre!!
You kill the ogre!
Your Dodging skill increases to level 13! 😮 HP[+1]
Things that are here:
a +0 giant spiked club; an ogre corpse You feel yourself slow down.
There is a staircase to the Orcish Mines here.
You climb downwards.
Welcome back to the Orcish Mines!
The two-headed ogre closely misses you.
The two-headed ogre hits you with a +0 dire flail!
* * * LOW HITPOINT WARNING * * *
There is a staircase back to the Dungeon, spattered with blood here.
Items here: )) [[. 😨 HP[-8]
You take 8 damage, and now have 45/104 hp.
Unknown command.
The ogre attacks as it pursues you! The ogre barely misses you.
Unknown command.
You hit the ogre but do no damage. Your grab misses the ogre.
The ogre misses you. 😨 HP[+1]
You hit the ogre. Your grab misses the ogre. You lash the ogre!
You grab the ogre. You constrict the ogre.
The ogre hits you with a +0 giant club!
* * * LOW HITPOINT WARNING * * *
😨 HP[-10]
You take 10 damage, and now have 36/104 hp.
You hit the ogre. You constrict the ogre. 😨 HP[+1]
You lash the ogre!
You kill the ogre!
You hit the two-headed ogre. You grab the two-headed ogre.
You constrict the two-headed ogre.
The two-headed ogre hits you with a +0 giant spiked club!!
* * * LOW HITPOINT WARNING * * *
The two-headed ogre hits you with a +0 dire flail!!
You die...

Skill      XL: |  1  2  3  4  5  6  7  8  9 10 11 12 |
---------------+-------------------------------------+-----
Unarmed Combat | 5 6 8 10 | 10.0
Shapeshifting  | 4 5 6 7 9 10 | 10.0
Fighting       | 6 9 |  9.6
Dodging        | 6 9 13 | 13.0

Action                     |  1- 3 |  4- 6 |  7- 9 | 10-12 || total
---------------------------+-------+-------+-------+-------++-------
  Melee: Unarmed           |    48 |    87 |   192 |   481 ||   808
         Constrict         |     9 |    14 |    49 |   105 ||   177
         Tentacles         |     6 |    13 |    60 |    28 ||   107
         Punch             |     1 |     4 |    19 |     7 ||    31
 Invoke: Curse Item        |       |       |     1 |       ||     1
    Use: Potion            |       |     1 |     7 |     6 ||    14
         Scroll            |       |     5 |       |    19 ||    24
   Stab: Sleeping          |     3 |    13 |    11 |     3 ||    30
         Distracted        |       |       |       |     1 ||     1
         Invisible         |       |       |       |     3 ||     3
 Armour: Skin              |    20 |    21 |    63 |   240 ||   344
  Dodge: Dodged            |    32 |    52 |   143 |   410 ||   637
   Form: Blade             |       |       |       |     2 ||     2
         Anaconda          |       |       |       |     2 ||     2

Levels and vault maps discovered:
D:1:      nzn_arrival_depleted_hourglass, layout_basic
D:2:      cheibrodos_helix_gallery, layout_basic, serial_shops, shop,
          nicolae_shop_temple_entry_statues_fountains, shop,
          nicolae_shop_crystal, shop, dreamdust_ecumenical_altar_grove,
          uniq_jessica, uniq_sigmund, uniq_crazy_yiuf_cottage
D:3:      layout_rooms, mainiacjoe_overflow_boulevard,
          small_statue_intersection, minmay_goblin_outpost
D:4:      layout_rooms, minmay_temple_entry_overgrown, dk_noncrumbling_3
D:5:      layout_gridville
D:6:      layout_basic, nicolae_yredelemnul_ghost_church, uniq_edmund,
          uniq_jeremiah, uniq_menkaure, uniq_eustachio
D:7:      layout_layer_cave, enter_bailey_3, dilly_guarded_unrand_morg,
          uniq_pikel, uniq_maggie
D:8:      layout_cave_pools, pdpol_temple_overflow_zin_treasury_gozag_greed,
          jmf_multi_god_temple2, serial_park, serial_park_paths
          [serial_park_minivault_5x5_1], serial_park_square3
          [serial_park_minivault_5x5_8], serial_park_square3
          [serial_park_minivault_5x5_4], nicolae_wwwww
D:9:      layout_loops_ring, led_sif_pool, serial_aquarium,
          aquarium_bridge_straight [aquarium_subvault_bridge,
          aquarium_subvault_wall, aquarium_subvault_bridge,
          aquarium_subvault_balcony], aquarium_bridge_square
          [aquarium_subvault_window, aquarium_subvault_bridge,
          aquarium_subvault_window, aquarium_subvault_bridge],
          aquarium_window_corridor_1, aquarium_window_1, aquarium_view_2c,
          aquarium_view_2e, lightli_corner_chamber
D:10:     layout_long_grid, mainiacjoe_overflow_alcove_1
D:11:     layout_long_grid, lair_entry_dummy
D:12:     layout_loops_corners, orc_0_dummy, tgw_fedhas
Temple:   eino_temple_water
Orc:1:    cheibrodos_orc_arena, layout_caves, basic_altar, serial_shops,
          nicolae_square_shop, nicolae_volcano_entry_batcave, uniq_erolcha

Notes
Turn   | Place    | Note
-------+----------+-------------------------------------------
     0 | D:1      | ytrimaz the Octopode Shapeshifter began the quest for the
                  | Orb.
     0 | D:1      | Reached XP level 1. HP: 13/13 MP: 1/1
     0 | D:1      | magus.rc [v1.9.6]
    79 | D:1      | HP: 1/13 [goblin/+0 dagger (3)]
    81 | D:1      | Reached XP level 2. HP: 2/18 MP: 2/2
   672 | D:1      | Reached XP level 3. HP: 20/23 MP: 3/3
   923 | D:2      | Found Ykak's Antique Armour Boutique.
   995 | D:2      | Noticed Jessica
  1001 | D:2      | Killed Jessica
  1002 | D:2      | Reached XP level 4. HP: 13/28 MP: 4/4
  1108 | D:2      | Reached skill level 4 in Unarmed Combat
  1271 | D:2      | Found Heupyg's Assorted Antiques.
  1328 | D:2      | Noticed Sigmund
  1329 | D:2      | Found a faded altar of an unknown god.
  1337 | D:2      | Killed Sigmund
  1338 | D:2      | Reached skill level 5 in Unarmed Combat
  1338 | D:2      | Reached skill level 4 in Shapeshifting
  1338 | D:2      | Reached XP level 5. HP: 33/33 MP: 5/5
  1338 | D:2      | Reached XP level 6. HP: 38/38 MP: 6/6
  1425 | D:2      | Found Zausawk's Assorted Antiques.
  1430 | D:2      | Found Pohopuh's Antique Weapon Shoppe.
  1478 | D:2      | You add the spells Tukima's Dance, Passage of Golubria and
                  | Yara's Violent Unravelling to your library.
  1537 | D:2      | Found Ruygi's Book Shoppe.
  2053 | D:3      | Found a hide-covered altar of Uskayaw.
  2250 | D:4      | Reached skill level 5 in Shapeshifting
  2539 | D:4      | Reached XP level 7. HP: 32/43 MP: 7/7
  2699 | D:4      | Found a staircase to the Ecumenical Temple.
  2706 | Temple   | Entered the Ecumenical Temple
  2739 | Temple   | Became a worshipper of Ashenzari the Shackled
  2904 | D:5      | Entered Level 5 of the Dungeon
  2913 | D:5      | Reached skill level 6 in Unarmed Combat
  2953 | D:5      | You pick up a book of Cantrips and begin reading...
  2953 | D:5      | You add the spells Necrotise, Summon Small Mammal and
                  | Apportation to your library.
  3092 | D:5      | Reached skill level 6 in Shapeshifting
  3408 | D:5      | Reached XP level 8. HP: 29/48 MP: 8/8
  3834 | D:6      | Found a runed translucent gate.
  3834 | D:6      | Found a runed translucent gate.
  3834 | D:6      | Found a runed translucent gate.
  3834 | D:6      | Noticed 0gre's ghost (novice GnIE)
  3836 | D:6      | Found a basalt altar of Yredelemnul.
  3844 | D:6      | Reached skill level 7 in Unarmed Combat
  4032 | D:6      | Noticed Jeremiah
  4038 | D:6      | Gained mutation: Your body sometimes deteriorates upon
                  | taking damage. [potion of mutation]
  4051 | D:6      | Killed Jeremiah
  4052 | D:6      | Reached skill level 8 in Unarmed Combat
  4052 | D:6      | Reached skill level 7 in Shapeshifting
  4325 | D:6      | Noticed Eustachio
  4331 | D:6      | Killed Eustachio
  4332 | D:6      | Reached XP level 9. HP: 48/53 MP: 9/9
  4357 | D:6      | Noticed Menkaure
  4369 | D:6      | Killed Menkaure
  4370 | D:6      | Reached skill level 8 in Shapeshifting
  4677 | D:6      | Noticed Edmund
  4686 | D:6      | Killed Edmund
  4914 | D:7      | Reached skill level 9 in Unarmed Combat
  5175 | D:7      | Noticed Maggie
  5184 | D:7      | HP: 12/53 [Maggie/+0 long sword of flaming (7)]
  5192 | D:7      | Killed Maggie
  5231 | D:7      | Found a flagged portal.
  5315 | Bailey   | Entered a bailey
  5346 | Bailey   | Reached skill level 9 in Shapeshifting
  5493 | Bailey   | Reached skill level 10 in Unarmed Combat
  5631 | Bailey   | Reached XP level 10. HP: 58/58 MP: 10/10
  5644 | Bailey   | Reached skill level 10 in Shapeshifting
  5778 | Bailey   | Noticed an orc knight
  5837 | D:7      | Reached skill level 2 in Fighting
  5895 | D:7      | Identified the +2 dagger "Vuukhler" {pain, Str+2}
  5898 | D:7      | You pick up a book of Necromancy and begin reading...
  5898 | D:7      | You add the spells Vampiric Draining and Agony to your
                  | library.
  5925 | D:7      | Reached skill level 3 in Dodging
  5974 | D:7      | You pick up a book of Spatial Translocations and begin
                  | reading...
  5974 | D:7      | You add the spells Blink, Momentum Strike and Lesser
                  | Beckoning to your library.
  6360 | D:7      | Noticed Pikel
  6493 | D:7      | Killed Pikel
  6494 | D:7      | Reached skill level 3 in Fighting
  6494 | D:7      | Reached skill level 4 in Dodging
  6914 | D:8      | HP: 14/63 [gnoll sergeant/+0 trident (16)]
  7099 | D:8      | Found a large runed translucent door.
  7102 | D:8      | Found a large runed translucent door.
  7147 | D:8      | Reached skill level 4 in Fighting
  7212 | D:8      | Found a glowing silver altar of Zin.
  7256 | D:8      | HP: 14/65 [orc warrior/+0 flail (19)]
  7276 | D:8      | HP: 12/65 [something/magic dart (7)]
  7752 | D:8      | Reached skill level 5 in Dodging
  7828 | D:8      | Found an opulent altar of Gozag.
  7919 | D:8      | Found a radiant altar of Vehumet.
  7949 | D:8      | Found a white marble altar of Elyvilon.
  8142 | D:9      | Noticed a centaur warrior
  8142 | D:9      | Noticed a deep elf pyromancer
  8185 | D:9      | Reached skill level 5 in Fighting
  8286 | D:9      | Reached skill level 6 in Dodging
  8290 | D:9      | HP: 5/68 [yak (18)]
  8610 | D:9      | Found a shimmering blue altar of Sif Muna.
  8749 | D:9      | Reached skill level 6 in Fighting
  9127 | D:10     | Entered Level 10 of the Dungeon
  9138 | D:9      | Reached XP level 11. HP: 66/74 MP: 11/11
  9336 | D:10     | You fall into a shaft and drop 2 floors!
  9349 | D:12     | Found a staircase to the Orcish Mines.
  9482 | D:10     | Noticed a two-headed ogre
  9488 | D:10     | Killed a two-headed ogre
  9489 | D:10     | Reached skill level 7 in Dodging
  9613 | D:10     | Found a glowing golden altar of the Shining One.
  9786 | D:10     | Reached skill level 7 in Fighting
  9903 | D:10     | Noticed a boulder beetle
  9918 | D:10     | Killed a boulder beetle
 10085 | D:10     | Noticed a two-headed ogre
 10091 | D:10     | Killed a two-headed ogre
 10166 | D:10     | Noticed a two-headed ogre
 10183 | D:10     | Killed a two-headed ogre
 10184 | D:10     | Reached skill level 8 in Dodging
 10192 | D:10     | Reached skill level 8 in Fighting
 10801 | D:11     | Noticed a manticore
 10813 | D:11     | Killed a manticore
 10814 | D:11     | Reached skill level 9 in Dodging
 11158 | D:11     | Reached skill level 9 in Fighting
 11287 | D:11     | Found a staircase to the Lair.
 11542 | D:12     | Reached XP level 12. HP: 87/87 MP: 12/12
 11684 | D:12     | Noticed a rakshasa
 11788 | D:12     | Killed a rakshasa
 11789 | D:12     | Reached skill level 10 in Dodging
 12450 | D:12     | Found a blossoming altar of Fedhas.
 12553 | D:12     | Noticed a two-headed ogre
 12559 | D:12     | Reached skill level 11 in Dodging
 12562 | D:12     | HP: 25/104 [two-headed ogre/+0 giant spiked club (5)]
 12563 | D:12     | Killed a two-headed ogre
 12911 | Orc:1    | Entered Level 1 of the Orcish Mines
 12993 | Orc:1    | Noticed Erolcha
 13002 | Orc:1    | Killed Erolcha
 13024 | Orc:1    | Noticed an orc warlord
 13214 | Orc:1    | Reached skill level 12 in Dodging
 13228 | Orc:1    | HP: 25/104 [orc warrior/+0 short sword (10)]
 13235 | Orc:1    | HP: 22/104 [orc/+0 whip (5)]
 13484 | Orc:1    | Found Ywnon's General Store.
 13488 | Orc:1    | Noticed a two-headed ogre
 13510 | Orc:1    | Killed a two-headed ogre
 13511 | Orc:1    | Noticed an ogre mage
 13512 | Orc:1    | HP: 11/104 [orc knight/+0 great mace (47)]
 13512 | Orc:1    | Noticed a two-headed ogre
 13821 | Orc:1    | Killed an ogre mage
 13869 | D:12     | Reached skill level 13 in Dodging
 13879 | Orc:1    | HP: 16/104 [two-headed ogre/+0 giant spiked club (21)]
 13879 | Orc:1    | Slain by a two-headed ogre

Vanquished Creatures
  Erolcha (Orc:1)
  A rakshasa (D:12)
  An ogre mage (Orc:1)
  A boulder beetle (D:10)
  5 two-headed ogres
  Pikel (D:7)
  2 orc sorcerers (Orc:1)
  An orc knight (Orc:1)
  An ugly thing (D:12)
  2 manticores
  Jeremiah (D:6)
  Maggie (D:7)
  2 unseen horrors
  5 trolls
  A hornet (D:10)
  Sigmund (D:2)
  2 wraiths
  2 shadows (D:11)
  Eustachio (D:6)
  23 yaks
  A wyvern (D:7)
  A basilisk (D:12)
  5 vampire mosquitoes
  A warg (Orc:1)
  Menkaure (D:6)
  Edmund (D:6)
  A water moccasin (D:8)
  A black bear (D:5)
  19 orc warriors
  A sky beast (D:8)
  5 ogres
  2 centaurs
  4 lemures (D:7)
  A phantom (D:7)
  2 kobold brigands
  A necrophage (D:7)
  A gnoll sergeant (D:8)
  4 bullfrogs
  4 scorpions
  10 wights
  A spectral centaur (D:7)
  2 bullfrog zombies (D:6)
  3 howler monkeys (D:8)
  A centaur zombie (D:7)
  6 orc priests
  4 hounds
  2 jellies
  Jessica (D:2)
  3 sleepcaps
  4 iguanas
  7 orc wizards
  A howler monkey zombie (D:7)
  5 gnolls (D:8)
  4 adders
  A howler monkey simulacrum (D:7)
  2 ufetubi
  2 worms (D:4)
  4 dart slugs
  33 orcs
  12 ball pythons
  3 bats
  7 endoplasms
  A giant cockroach (D:1)
  21 goblins
  10 hobgoblins
  15 kobolds
  3 quokkas
  5 frilled lizards
  2 rats
286 creatures vanquished.

Table legend:
 A = Non-vault XP
 B = Vault XP
 C = Vault XP percentage of total XP
 D = Non-vault monster count
 E = Vault monster count
 F = Vault count percentage of total count
                 A         B        C        D         E       F
            +---------+---------+-------+---------+---------+-------
      Total |   22913 |    7157 |  23.8 |     210 |      72 |  25.5
            +---------+---------+-------+---------+---------+-------
        D:1 |      40 |       0 |   0.0 |      23 |       0 |   0.0
        D:2 |      44 |     280 |  86.4 |      20 |       4 |  16.7
        D:3 |      27 |      12 |  30.8 |      11 |       6 |  35.3
        D:4 |     294 |       0 |   0.0 |      16 |       0 |   0.0
        D:5 |     565 |       0 |   0.0 |      16 |       0 |   0.0
        D:6 |     434 |    1088 |  71.5 |      11 |       6 |  35.3
        D:7 |     406 |    1778 |  81.4 |      10 |      17 |  63.0
        D:8 |    1028 |     531 |  34.1 |      19 |       7 |  26.9
        D:9 |    1789 |       0 |   0.0 |      17 |       0 |   0.0
       D:10 |    5699 |       0 |   0.0 |      21 |       0 |   0.0
       D:11 |    2858 |       0 |   0.0 |      12 |       0 |   0.0
       D:12 |    5789 |       0 |   0.0 |      18 |       0 |   0.0
      Orc:1 |    3940 |    2112 |  34.9 |      16 |      14 |  46.7
     Bailey |       0 |    1356 | 100.0 |       0 |      18 | 100.0
            +---------+---------+-------+---------+---------+-------

Skill      XL: |  1  2  3  4  5  6  7  8  9 10 11 12 |
---------------+-------------------------------------+-----
Unarmed Combat | 5 6 8 10 | 10.0
Shapeshifting  | 4 5 6 7 9 10 | 10.0
Fighting       | 6 9 |  9.6
Dodging        | 6 9 13 | 13.0

Action                     |  1- 3 |  4- 6 |  7- 9 | 10-12 || total
---------------------------+-------+-------+-------+-------++-------
  Melee: Unarmed           |    48 |    87 |   192 |   481 ||   808
         Constrict         |     9 |    14 |    49 |   105 ||   177
         Tentacles         |     6 |    13 |    60 |    28 ||   107
         Punch             |     1 |     4 |    19 |     7 ||    31
 Invoke: Curse Item        |       |       |     1 |       ||     1
    Use: Potion            |       |     1 |     7 |     6 ||    14
         Scroll            |       |     5 |       |    19 ||    24
   Stab: Sleeping          |     3 |    13 |    11 |     3 ||    30
         Distracted        |       |       |       |     1 ||     1
         Invisible         |       |       |       |     3 ||     3
 Armour: Skin              |    20 |    21 |    63 |   240 ||   344
  Dodge: Dodged            |    32 |    52 |   143 |   410 ||   637
   Form: Blade             |       |       |       |     2 ||     2
         Anaconda          |       |       |       |     2 ||     2

Illustrated notes

Table legend:
 A = Kills in this place as a percentage of kills in the entire game.
 B = Kills by you in this place as a percentage of kills by you in the entire game.
 C = Kills by friends in this place as a percentage of kills by friends in the entire game.
 D = Other kills in this place as a percentage of other kills in the entire game.
 E = Experience gained in this place as a percentage of experience gained in the entire game.
 F = Experience gained in this place divided by the number of levels of this place that you have seen.
                   A       B       C       D       E      F
               +-------+-------+-------+-------+-------+----------------------
         Total | 100.0 | 100.0 |   N/A |   N/A | 100.0 | 2004.7
       Dungeon |  83.0 |  83.0 |   N/A |   N/A |  75.4 | 1888.5
  Orcish Mines |  10.6 |  10.6 |   N/A |   N/A |  20.1 | 6052.0
        Bailey |   6.4 |   6.4 |   N/A |   N/A |   4.5 | 1356.0
               +-------+-------+-------+-------+-------+----------------------

Table legend: (Time is in decaauts)
 A = Elapsed time spent in this place.
 B = Non-inter-level travel time spent in this place.
 C = Inter-level travel time spent in this place.
 D = Time resting spent in this place.
 E = Time spent auto-exploring this place.
 F = Levels seen in this place.
 G = Mean time per level.
                   A        B        C        D        E       F      G
               +--------+--------+--------+--------+--------+-----+--------+
         Total |  13756 |  13343 |    413 |    261 |  10808 |  15 |  917.1 |
       Dungeon |  12338 |  11940 |    398 |    144 |   9903 |  12 | 1028.2 |
        Temple |     49 |     34 |     15 |      0 |      0 |   1 |   49.0 |
  Orcish Mines |    912 |    912 |      0 |    117 |    543 |   1 |  912.0 |
        Bailey |    456 |    456 |      0 |      0 |    362 |   1 |  456.0 |
               +--------+--------+--------+--------+--------+-----+--------+

Top non-repeatable levels by time:
     D:7: 1477 daAuts
    D:12: 1463 daAuts
     D:9: 1248 daAuts
    D:10: 1201 daAuts
     D:8: 1170 daAuts
     D:6: 1082 daAuts
    D:11: 943 daAuts
     D:2: 939 daAuts
   Orc:1: 912 daAuts
     D:5: 909 daAuts
     D:1: 871 daAuts
     D:4: 614 daAuts
  Bailey: 456 daAuts
     D:3: 417 daAuts
  Temple: 49 daAuts
